General information
- name: BNet
- type: Ladder team game (AT/RT)
- host: Battle.net
- saver: MyCreation
map: FullScaleAssault
- players: 8
- length: 32:18
- speed: Fast
- version: 1.23 W3XP
- replay type: Public
» download(274 KB)
Players
team 1 (loser)
baltazar3 (
yellow | 85 APM | 2722 actions | 32:03)
4 Tauren Chieftain
2 War Stomp
2 Endurance Aura
» actions
| Assign group hotkey | 42 | |
| Basic commands | 14 | |
| Build / train | 135 | |
| Enter build submenu | 32 | |
| Enter hero's abilities submenu | 4 | |
| Remove unit from queue | 2 | |
| Right click | 1486 | |
| Select / deselect | 531 | |
| Select group hotkey | 335 | |
| Use ability | 139 | |
2722 total
» units
| Peon | 31 | |
| Troll Headhunter/Berserker | 23 | |
| Demolisher | 16 | |
| Troll Witch Doctor | 16 | |
86 total
» upgrades
| Spiked Barricades | 2 | |
| Troll Regeneration | 1 | |
| Armor | 2 | |
| Witch Doctor Training | 2 | |
| Berserker Upgrade | 1 | |
| Burning Oil | 1 | |
| Ranged Weapons | 1 | |
| Reinforced Defenses | 1 | |
11 total
» buildings
| War Mill | 1 | |
| Altar of Storms | 1 | |
| Orc Burrow | 10 | |
| Barracks | 2 | |
| Voodoo Lounge | 1 | |
| Great Hall | 2 | |
| Stronghold | 4 | |
| Fortress | 2 | |
| Spirit Lodge | 1 | |
| Watch Tower | 9 | |
33 total
» build order
00:12 War Mill
00:49 Altar of Storms
00:56 Orc Burrow
01:35 Barracks
01:46 Voodoo Lounge
02:43 Orc Burrow
03:07 Orc Burrow
03:27 Great Hall
04:59 Orc Burrow
05:51 Stronghold
05:51 Stronghold
05:52 Stronghold
08:32 Fortress
08:32 Fortress
08:36 Spirit Lodge
09:27 Barracks
10:48 Orc Burrow
11:23 Orc Burrow
12:10 Watch Tower
12:10 Watch Tower
12:11 Watch Tower
12:37 Orc Burrow
13:39 Orc Burrow
14:33 Orc Burrow
16:05 Watch Tower
17:53 Orc Burrow
21:51 Great Hall
26:55 Watch Tower
26:58 Watch Tower
28:37 Watch Tower
28:38 Watch Tower
28:50 Watch Tower
» items
overmytete (
teal | 110 APM | 3519 actions | 32:05)
6 Mountain King
3 Storm Bolt
2 Bash
1 Avatar
2 Tauren Chieftain
2 Shockwave
1 Lich
1 Frost Armor
» actions
| Assign group hotkey | 51 | |
| Basic commands | 3 | |
| Build / train | 62 | |
| Enter build submenu | 24 | |
| Enter hero's abilities submenu | 9 | |
| Give item / drop item | 4 | |
| Remove unit from queue | 2 | |
| Right click | 2086 | |
| Select / deselect | 634 | |
| Select group hotkey | 519 | |
| Use ability | 124 | |
3519 total
» units
| Peasant | 9 | |
| Footman | 5 | |
| Knight | 9 | |
| Blue Drake | 1 | |
| Goblin Zeppelin | 1 | |
| Dragonhawk Rider | 9 | |
34 total
» upgrades
| Defend | 1 | |
| Plating | 3 | |
| Animal War Training | 1 | |
| Cloud | 1 | |
6 total
» buildings
| Altar of Kings | 1 | |
| Barracks | 2 | |
| Farm | 12 | |
| Keep | 1 | |
| Blacksmith | 1 | |
| Lumber Mill | 1 | |
| Arcane Vault | 1 | |
| Castle | 1 | |
| Gryphon Aviary | 2 | |
| Town Hall | 1 | |
23 total
» build order
00:05 Altar of Kings
00:20 Barracks
00:35 Farm
00:51 Farm
01:36 Farm
03:41 Keep
03:42 Blacksmith
04:45 Lumber Mill
05:07 Arcane Vault
06:06 Castle
06:09 Barracks
08:31 Farm
08:32 Farm
11:10 Farm
11:46 Farm
12:06 Farm
12:13 Gryphon Aviary
12:16 Gryphon Aviary
14:10 Farm
14:11 Farm
14:40 Town Hall
15:27 Farm
15:29 Farm
» items
| Boots of Speed | 1 | |
| Scroll of Regeneration | 2 | |
| Potion of Healing | 3 | |
| Scroll of Town Portal | 1 | |
| Orb of Fire | 1 | |
8 total
Reign-of-undead (
purple | 53 APM | 1702 actions | 32:16)
3 Death Knight
2 Death Coil
1 Unholy Aura
1 Lich
1 Frost Nova
1 Tauren Chieftain
1 Endurance Aura
» actions
| Assign group hotkey | 28 | |
| Basic commands | 5 | |
| Build / train | 134 | |
| Enter build submenu | 36 | |
| Enter hero's abilities submenu | 5 | |
| Remove unit from queue | 1 | |
| Right click | 593 | |
| Select / deselect | 353 | |
| Select group hotkey | 472 | |
| Use ability | 75 | |
1702 total
» units
| Acolyte | 11 | |
| Ghoul | 5 | |
| Crypt Fiend | 6 | |
| Peon | 12 | |
| Troll Witch Doctor | 10 | |
| Tauren | 15 | |
| Frost Wyrm | 11 | |
| Spirit Walker | 3 | |
73 total
» upgrades
| Creature Attack | 3 | |
| Berserker Upgrade | 1 | |
| Witch Doctor Training | 2 | |
| Web | 1 | |
| Creature Carapace | 3 | |
| Pulverize | 1 | |
| Spirit Walker Training | 2 | |
| Burrow | 1 | |
| Freezing Breath | 1 | |
| Reinforced Defenses | 1 | |
| Armor | 2 | |
| Melee Weapons | 2 | |
20 total
» buildings
| Crypt | 1 | |
| Graveyard | 1 | |
| Ziggurat | 12 | |
| Altar of Darkness | 1 | |
| Tomb of Relics | 1 | |
| Halls of the Dead | 1 | |
| Nerubian Tower | 3 | |
| Spirit Lodge | 1 | |
| Orc Burrow | 5 | |
| Spirit Tower | 5 | |
| Tauren Totem | 2 | |
| Necropolis | 1 | |
| Black Citadel | 2 | |
| Sacrificial Pit | 1 | |
| Great Hall | 1 | |
| Boneyard | 3 | |
41 total
» build order
00:12 Crypt
00:26 Graveyard
00:49 Ziggurat
01:10 Altar of Darkness
02:10 Tomb of Relics
02:16 Ziggurat
04:09 Halls of the Dead
04:50 Ziggurat
04:52 Nerubian Tower
04:53 Nerubian Tower
07:01 Ziggurat
07:02 Ziggurat
07:46 Spirit Lodge
07:50 Orc Burrow
08:36 Spirit Tower
08:37 Spirit Tower
08:47 Tauren Totem
08:51 Tauren Totem
08:58 Orc Burrow
11:19 Spirit Tower
11:19 Spirit Tower
11:19 Spirit Tower
11:23 Necropolis
11:25 Ziggurat
11:35 Black Citadel
11:35 Black Citadel
12:05 Orc Burrow
12:06 Orc Burrow
13:11 Sacrificial Pit
14:48 Great Hall
15:21 Boneyard
15:24 Boneyard
15:30 Ziggurat
17:42 Ziggurat
17:47 Boneyard
18:48 Orc Burrow
19:18 Ziggurat
19:20 Ziggurat
28:16 Ziggurat
28:17 Ziggurat
» items
| Rod of Necromancy | 4 | |
| Dust of Appearance | 1 | |
| Sacrificial Skull | 1 | |
6 total

»
WiZ-XaV (
pink | 120 APM | 872 actions | 07:16)
2 Tauren Chieftain
1 Shockwave
1 Endurance Aura
» actions
| Assign group hotkey | 15 | |
| Basic commands | 90 | |
| Build / train | 23 | |
| ESC pressed | 2 | |
| Enter build submenu | 13 | |
| Enter hero's abilities submenu | 2 | |
| Give item / drop item | 1 | |
| Right click | 193 | |
| Select / deselect | 141 | |
| Select group hotkey | 370 | |
| Use ability | 22 | |
872 total
» units
| Peon | 8 | |
| Troll Headhunter/Berserker | 5 | |
13 total
» upgrades
| Ranged Weapons | 1 | |
| Troll Regeneration | 1 | |
2 total
» buildings
| Altar of Storms | 1 | |
| Orc Burrow | 3 | |
| War Mill | 1 | |
| Barracks | 2 | |
| Stronghold | 3 | |
| Voodoo Lounge | 1 | |
| Fortress | 1 | |
| Spirit Lodge | 1 | |
13 total
» build order
00:07 Altar of Storms
00:20 Orc Burrow
01:14 War Mill
01:23 Barracks
01:40 Barracks
01:55 Orc Burrow
03:27 Stronghold
03:27 Stronghold
03:28 Stronghold
04:47 Orc Burrow
05:48 Voodoo Lounge
05:49 Fortress
06:42 Spirit Lodge
» items
team 2 (winner)
MyCreation (
red | 41 APM | 1317 actions | 32:17)
2 Archmage
1 Blizzard
1 Brilliance Aura
1 Blood Mage
1 Flame Strike
» actions
| Assign group hotkey | 13 | |
| Basic commands | 4 | |
| Build / train | 151 | |
| Enter build submenu | 74 | |
| Enter hero's abilities submenu | 3 | |
| Give item / drop item | 1 | |
| Right click | 533 | |
| Select / deselect | 281 | |
| Select group hotkey | 29 | |
| Use ability | 227 | |
1317 total
» units
» upgrades
» buildings
| Altar of Kings | 1 | |
| Farm | 5 | |
| Lumber Mill | 1 | |
| Scout Tower | 182 | |
| Guard Tower | 107 | |
| Arcane Tower | 2 | |
| Arcane Vault | 1 | |
| Keep | 2 | |
| Town Hall | 1 | |
| Castle | 1 | |
| Arcane Sanctum | 1 | |
304 total
» build order
00:45 Altar of Kings
01:03 Farm
01:21 Lumber Mill
02:16 Scout Tower
02:17 Scout Tower
02:19 Scout Tower
02:20 Scout Tower
02:22 Scout Tower
02:24 Scout Tower
02:30 Scout Tower
02:34 Scout Tower
02:46 Guard Tower
02:53 Guard Tower
03:06 Farm
03:11 Guard Tower
03:23 Guard Tower
03:23 Guard Tower
03:40 Guard Tower
03:41 Guard Tower
04:08 Guard Tower
04:26 Guard Tower
04:26 Guard Tower
04:35 Scout Tower
04:37 Scout Tower
04:39 Scout Tower
04:41 Scout Tower
04:47 Scout Tower
04:55 Scout Tower
04:56 Scout Tower
04:58 Scout Tower
04:59 Scout Tower
05:20 Guard Tower
05:47 Guard Tower
05:58 Arcane Tower
06:08 Arcane Tower
06:13 Guard Tower
06:19 Scout Tower
06:22 Scout Tower
06:33 Arcane Vault
07:07 Keep
07:07 Keep
07:22 Guard Tower
07:39 Guard Tower
07:40 Guard Tower
08:20 Town Hall
08:31 Scout Tower
08:32 Scout Tower
08:34 Scout Tower
08:36 Scout Tower
08:37 Scout Tower
08:59 Guard Tower
09:31 Guard Tower
10:07 Guard Tower
10:15 Scout Tower
10:15 Scout Tower
10:17 Scout Tower
10:18 Scout Tower
10:53 Castle
10:58 Arcane Sanctum
11:02 Farm
11:02 Farm
11:05 Farm
11:25 Guard Tower
11:25 Guard Tower
11:33 Guard Tower
11:33 Guard Tower
12:17 Guard Tower
12:39 Guard Tower
12:47 Guard Tower
12:53 Scout Tower
12:57 Scout Tower
12:58 Scout Tower
12:59 Scout Tower
13:02 Scout Tower
13:03 Scout Tower
13:28 Scout Tower
13:29 Scout Tower
13:31 Scout Tower
13:33 Scout Tower
13:34 Scout Tower
13:36 Scout Tower
13:37 Scout Tower
13:39 Scout Tower
13:44 Guard Tower
14:02 Guard Tower
14:02 Guard Tower
14:26 Scout Tower
14:27 Scout Tower
14:28 Scout Tower
14:29 Scout Tower
14:31 Scout Tower
14:32 Scout Tower
14:33 Scout Tower
14:34 Scout Tower
14:36 Scout Tower
14:38 Scout Tower
14:39 Scout Tower
14:40 Scout Tower
14:42 Scout Tower
14:44 Scout Tower
14:47 Scout Tower
14:49 Scout Tower
14:50 Scout Tower
14:51 Scout Tower
14:53 Scout Tower
14:53 Scout Tower
14:57 Scout Tower
14:58 Scout Tower
14:59 Scout Tower
15:00 Scout Tower
15:02 Scout Tower
15:03 Scout Tower
15:08 Guard Tower
15:09 Guard Tower
15:10 Guard Tower
15:27 Scout Tower
15:28 Scout Tower
15:29 Scout Tower
15:30 Scout Tower
15:31 Scout Tower
15:32 Scout Tower
15:49 Guard Tower
16:02 Guard Tower
16:04 Guard Tower
16:21 Guard Tower
16:24 Scout Tower
16:24 Scout Tower
16:25 Scout Tower
16:40 Guard Tower
17:04 Guard Tower
17:05 Guard Tower
17:38 Guard Tower
17:43 Guard Tower
17:48 Guard Tower
17:53 Scout Tower
18:00 Scout Tower
18:04 Scout Tower
18:05 Scout Tower
18:12 Guard Tower
18:12 Guard Tower
18:36 Guard Tower
18:38 Scout Tower
18:39 Scout Tower
18:42 Guard Tower
18:42 Guard Tower
18:59 Scout Tower
19:00 Scout Tower
19:13 Guard Tower
19:14 Guard Tower
19:30 Scout Tower
19:32 Scout Tower
19:33 Scout Tower
19:34 Scout Tower
19:37 Scout Tower
19:37 Scout Tower
19:38 Scout Tower
19:40 Scout Tower
19:40 Scout Tower
19:45 Guard Tower
19:45 Guard Tower
19:49 Guard Tower
19:55 Guard Tower
19:56 Guard Tower
20:01 Scout Tower
20:02 Scout Tower
20:04 Scout Tower
20:04 Scout Tower
20:06 Scout Tower
20:06 Scout Tower
20:08 Scout Tower
20:08 Scout Tower
20:10 Scout Tower
20:10 Scout Tower
20:12 Scout Tower
20:14 Scout Tower
20:15 Scout Tower
20:16 Scout Tower
20:17 Scout Tower
20:18 Scout Tower
20:20 Scout Tower
20:23 Scout Tower
20:24 Scout Tower
20:25 Scout Tower
20:26 Scout Tower
20:27 Scout Tower
20:31 Guard Tower
20:33 Guard Tower
20:33 Guard Tower
20:35 Guard Tower
20:36 Guard Tower
20:43 Guard Tower
21:02 Guard Tower
21:13 Guard Tower
21:13 Guard Tower
21:20 Guard Tower
21:36 Scout Tower
21:36 Scout Tower
21:37 Scout Tower
21:43 Scout Tower
21:44 Scout Tower
21:54 Scout Tower
21:55 Scout Tower
21:56 Scout Tower
21:57 Scout Tower
22:00 Guard Tower
22:00 Guard Tower
22:06 Scout Tower
22:07 Scout Tower
22:08 Scout Tower
22:09 Scout Tower
22:10 Scout Tower
22:13 Scout Tower
22:14 Scout Tower
22:16 Scout Tower
22:18 Scout Tower
22:20 Scout Tower
22:21 Scout Tower
22:22 Scout Tower
22:40 Guard Tower
23:05 Guard Tower
23:05 Guard Tower
23:08 Guard Tower
23:15 Guard Tower
23:55 Guard Tower
23:56 Guard Tower
24:12 Guard Tower
24:12 Guard Tower
24:36 Guard Tower
24:39 Guard Tower
25:11 Guard Tower
25:13 Guard Tower
25:13 Guard Tower
25:34 Guard Tower
25:34 Guard Tower
25:40 Scout Tower
25:41 Scout Tower
25:41 Scout Tower
25:55 Guard Tower
25:58 Scout Tower
25:59 Scout Tower
26:40 Guard Tower
26:40 Guard Tower
26:43 Scout Tower
26:45 Scout Tower
27:17 Scout Tower
27:19 Scout Tower
27:20 Scout Tower
27:21 Scout Tower
27:21 Scout Tower
27:39 Scout Tower
27:40 Scout Tower
27:41 Scout Tower
27:45 Scout Tower
27:48 Scout Tower
27:49 Scout Tower
27:53 Scout Tower
27:54 Scout Tower
27:55 Scout Tower
27:57 Scout Tower
27:58 Scout Tower
29:00 Scout Tower
29:01 Scout Tower
29:02 Scout Tower
29:03 Scout Tower
29:05 Scout Tower
29:06 Scout Tower
29:09 Scout Tower
29:11 Scout Tower
29:12 Scout Tower
29:14 Scout Tower
29:15 Scout Tower
29:15 Scout Tower
29:18 Scout Tower
29:21 Guard Tower
29:21 Guard Tower
29:34 Guard Tower
30:02 Guard Tower
30:03 Guard Tower
30:32 Guard Tower
30:48 Guard Tower
31:31 Guard Tower
31:31 Guard Tower
32:01 Guard Tower
32:06 Scout Tower
32:07 Scout Tower
32:08 Scout Tower
32:10 Scout Tower
32:11 Scout Tower
32:12 Scout Tower
32:13 Scout Tower
32:14 Scout Tower
32:16 Scout Tower
» items
norfriend (
orange | 67 APM | 2177 actions | 32:16)
6 Blademaster
3 Wind Walk
2 Critical Strike
1 Bladestorm
» actions
| Assign group hotkey | 20 | |
| Basic commands | 51 | |
| Build / train | 73 | |
| ESC pressed | 2 | |
| Enter build submenu | 96 | |
| Enter hero's abilities submenu | 6 | |
| Give item / drop item | 4 | |
| Right click | 788 | |
| Select / deselect | 360 | |
| Select group hotkey | 538 | |
| Use ability | 239 | |
2177 total
» units
| Peon | 32 | |
| Goblin Zeppelin | 2 | |
| Troll Batrider | 10 | |
| Goblin Shredder | 2 | |
46 total
» upgrades
| Ranged Weapons | 3 | |
| Reinforced Defenses | 1 | |
| Spiked Barricades | 2 | |
| Armor | 1 | |
| Liquid Fire | 1 | |
8 total
» buildings
| Altar of Storms | 1 | |
| Orc Burrow | 4 | |
| War Mill | 2 | |
| Watch Tower | 124 | |
| Voodoo Lounge | 2 | |
| Stronghold | 1 | |
| Beastiary | 2 | |
| Great Hall | 5 | |
| Fortress | 1 | |
142 total
» build order
00:03 Altar of Storms
00:05 Orc Burrow
00:43 War Mill
02:03 Watch Tower
02:47 Orc Burrow
03:04 Voodoo Lounge
03:07 Watch Tower
04:09 Watch Tower
04:14 Stronghold
04:30 Watch Tower
05:00 Watch Tower
05:07 Voodoo Lounge
05:30 Watch Tower
06:36 Orc Burrow
06:40 Beastiary
06:43 Beastiary
06:52 Orc Burrow
08:12 War Mill
08:44 Watch Tower
09:12 Great Hall
10:53 Watch Tower
11:44 Watch Tower
12:01 Watch Tower
12:58 Fortress
13:02 Watch Tower
13:12 Watch Tower
14:30 Great Hall
14:32 Watch Tower
15:48 Watch Tower
15:58 Watch Tower
15:59 Watch Tower
16:00 Watch Tower
16:01 Watch Tower
16:53 Watch Tower
16:53 Watch Tower
16:54 Watch Tower
17:06 Watch Tower
17:07 Watch Tower
17:13 Watch Tower
17:14 Watch Tower
17:19 Great Hall
17:21 Watch Tower
17:22 Watch Tower
17:23 Watch Tower
17:24 Watch Tower
18:01 Watch Tower
18:03 Watch Tower
18:03 Watch Tower
19:16 Watch Tower
19:17 Watch Tower
20:11 Watch Tower
20:12 Watch Tower
20:12 Watch Tower
20:14 Watch Tower
20:25 Watch Tower
20:26 Watch Tower
20:27 Watch Tower
20:28 Watch Tower
20:31 Watch Tower
20:31 Watch Tower
20:33 Watch Tower
20:33 Watch Tower
20:50 Watch Tower
20:51 Watch Tower
21:27 Watch Tower
21:27 Watch Tower
21:37 Watch Tower
21:38 Watch Tower
21:52 Watch Tower
21:53 Watch Tower
21:53 Watch Tower
21:55 Watch Tower
21:56 Watch Tower
22:39 Watch Tower
22:40 Watch Tower
22:41 Watch Tower
22:42 Watch Tower
23:08 Watch Tower
23:10 Watch Tower
23:11 Watch Tower
23:35 Great Hall
24:06 Watch Tower
24:06 Watch Tower
24:32 Watch Tower
24:33 Watch Tower
24:34 Watch Tower
24:48 Watch Tower
24:49 Watch Tower
24:51 Watch Tower
24:51 Watch Tower
26:20 Watch Tower
26:20 Watch Tower
26:24 Watch Tower
26:24 Watch Tower
26:59 Watch Tower
26:59 Watch Tower
27:01 Watch Tower
27:02 Watch Tower
27:02 Watch Tower
27:43 Watch Tower
27:43 Watch Tower
28:39 Watch Tower
28:40 Watch Tower
28:41 Watch Tower
28:42 Watch Tower
28:44 Watch Tower
28:45 Watch Tower
28:46 Watch Tower
28:48 Watch Tower
28:48 Watch Tower
29:09 Watch Tower
29:58 Watch Tower
30:01 Watch Tower
30:09 Great Hall
30:12 Watch Tower
30:13 Watch Tower
30:16 Watch Tower
30:17 Watch Tower
30:34 Watch Tower
30:35 Watch Tower
30:47 Watch Tower
30:47 Watch Tower
30:56 Watch Tower
30:57 Watch Tower
31:01 Watch Tower
31:02 Watch Tower
31:02 Watch Tower
31:04 Watch Tower
31:04 Watch Tower
31:05 Watch Tower
31:17 Watch Tower
31:17 Watch Tower
31:32 Watch Tower
31:33 Watch Tower
31:36 Watch Tower
31:57 Watch Tower
31:58 Watch Tower
31:59 Watch Tower
32:04 Watch Tower
32:16 Watch Tower
32:16 Watch Tower
» items
| Healing Salve | 4 | |
| Boots of Speed | 1 | |
| Orb of Lightning | 1 | |
| Staff of Teleportation | 1 | |
| Lesser Clarity Potion | 2 | |
| Potion of Mana | 1 | |
10 total
NUTSONYOCHIN.DE (
green | 68 APM | 2200 actions | 32:16)
3 Archmage
2 Blizzard
1 Brilliance Aura
2 Blood Mage
1 Flame Strike
1 Siphon Mana
» actions
| Assign group hotkey | 6 | |
| Basic commands | 46 | |
| Build / train | 127 | |
| ESC pressed | 1 | |
| Enter build submenu | 98 | |
| Enter hero's abilities submenu | 5 | |
| Give item / drop item | 3 | |
| Right click | 960 | |
| Select / deselect | 289 | |
| Select group hotkey | 358 | |
| Use ability | 306 | |
2200 total
» units
| Peasant | 30 | |
| Goblin Zeppelin | 1 | |
31 total
» upgrades
| Masonry | 3 | |
| Lumber Harvesting | 2 | |
| Magic Sentry | 1 | |
| Swords | 3 | |
| Armor | 3 | |
| Animal War Training | 1 | |
| Cloud | 1 | |
| Storm Hammers | 1 | |
| Gunpowder | 1 | |
| Plating | 1 | |
| Sorceress Training | 1 | |
| Priest Training | 1 | |
| Control Magic | 1 | |
| Defend | 1 | |
| Long Rifles | 1 | |
22 total
» buildings
| Farm | 14 | |
| Lumber Mill | 5 | |
| Altar of Kings | 1 | |
| Scout Tower | 184 | |
| Arcane Tower | 1 | |
| Guard Tower | 55 | |
| Town Hall | 2 | |
| Arcane Vault | 3 | |
| Keep | 1 | |
| Arcane Sanctum | 1 | |
| Castle | 1 | |
| Blacksmith | 2 | |
| Barracks | 1 | |
| Gryphon Aviary | 2 | |
| Workshop | 1 | |
274 total
» build order
00:28 Farm
00:33 Lumber Mill
00:52 Altar of Kings
00:55 Scout Tower
01:23 Arcane Tower
01:32 Scout Tower
01:51 Farm
02:06 Guard Tower
02:06 Guard Tower
02:17 Scout Tower
02:45 Guard Tower
02:46 Scout Tower
02:48 Scout Tower
03:08 Farm
03:17 Guard Tower
03:18 Guard Tower
03:18 Guard Tower
03:19 Guard Tower
03:20 Guard Tower
03:30 Scout Tower
03:31 Scout Tower
04:24 Guard Tower
04:27 Scout Tower
04:28 Scout Tower
04:29 Scout Tower
04:29 Scout Tower
04:31 Scout Tower
04:32 Scout Tower
04:59 Guard Tower
05:54 Guard Tower
06:41 Town Hall
06:51 Arcane Vault
06:56 Guard Tower
07:08 Scout Tower
07:09 Scout Tower
07:09 Scout Tower
07:39 Farm
07:42 Farm
08:28 Keep
08:30 Guard Tower
08:37 Scout Tower
08:38 Scout Tower
08:39 Scout Tower
08:40 Scout Tower
08:41 Guard Tower
08:50 Farm
08:51 Farm
08:52 Farm
08:53 Farm
08:53 Farm
08:54 Farm
09:11 Guard Tower
09:21 Farm
09:21 Farm
09:23 Farm
09:51 Guard Tower
10:01 Guard Tower
10:23 Guard Tower
10:25 Scout Tower
10:26 Scout Tower
10:27 Scout Tower
10:42 Scout Tower
10:43 Scout Tower
10:44 Scout Tower
10:45 Scout Tower
10:46 Scout Tower
10:46 Scout Tower
10:47 Scout Tower
10:48 Scout Tower
10:49 Scout Tower
10:50 Scout Tower
10:51 Scout Tower
10:52 Scout Tower
10:53 Scout Tower
10:54 Scout Tower
11:03 Scout Tower
11:04 Scout Tower
11:04 Scout Tower
11:05 Scout Tower
11:07 Scout Tower
11:08 Scout Tower
11:16 Scout Tower
11:18 Scout Tower
11:18 Scout Tower
11:19 Scout Tower
11:51 Guard Tower
12:06 Scout Tower
12:07 Scout Tower
12:08 Scout Tower
12:08 Scout Tower
12:09 Scout Tower
12:09 Scout Tower
12:11 Arcane Sanctum
12:23 Scout Tower
12:24 Scout Tower
12:24 Scout Tower
12:28 Castle
12:40 Guard Tower
13:18 Guard Tower
13:25 Guard Tower
13:35 Scout Tower
13:36 Scout Tower
13:37 Scout Tower
13:38 Scout Tower
13:39 Scout Tower
13:51 Lumber Mill
13:54 Lumber Mill
14:23 Guard Tower
14:28 Guard Tower
14:35 Blacksmith
14:37 Blacksmith
14:39 Barracks
14:49 Guard Tower
14:51 Scout Tower
14:52 Scout Tower
14:52 Scout Tower
14:53 Scout Tower
14:54 Scout Tower
14:55 Scout Tower
14:55 Scout Tower
15:37 Guard Tower
15:44 Guard Tower
15:48 Scout Tower
15:53 Guard Tower
15:56 Scout Tower
15:57 Scout Tower
16:01 Scout Tower
16:01 Scout Tower
16:02 Scout Tower
16:03 Scout Tower
16:03 Scout Tower
16:04 Scout Tower
16:05 Scout Tower
16:06 Scout Tower
16:19 Guard Tower
16:40 Scout Tower
16:41 Scout Tower
16:42 Scout Tower
16:42 Scout Tower
16:43 Scout Tower
16:46 Scout Tower
16:50 Scout Tower
16:51 Scout Tower
16:52 Scout Tower
16:52 Scout Tower
16:54 Scout Tower
16:54 Scout Tower
17:01 Guard Tower
17:07 Guard Tower
18:12 Guard Tower
18:19 Guard Tower
18:21 Scout Tower
18:22 Scout Tower
18:23 Scout Tower
18:23 Scout Tower
18:27 Guard Tower
18:31 Arcane Vault
18:37 Guard Tower
18:51 Scout Tower
18:55 Scout Tower
18:56 Scout Tower
18:57 Scout Tower
18:57 Scout Tower
19:00 Scout Tower
19:32 Guard Tower
19:41 Guard Tower
19:46 Guard Tower
20:01 Guard Tower
20:04 Guard Tower
20:11 Guard Tower
20:43 Guard Tower
21:57 Town Hall
22:14 Arcane Vault
22:18 Scout Tower
22:18 Scout Tower
22:19 Scout Tower
22:20 Scout Tower
22:21 Scout Tower
22:22 Scout Tower
22:23 Scout Tower
22:26 Scout Tower
22:27 Scout Tower
22:28 Scout Tower
22:28 Scout Tower
22:30 Scout Tower
22:31 Scout Tower
22:32 Scout Tower
22:32 Scout Tower
22:39 Scout Tower
22:43 Scout Tower
22:44 Scout Tower
22:45 Scout Tower
22:50 Scout Tower
22:51 Scout Tower
22:55 Scout Tower
22:56 Scout Tower
22:57 Scout Tower
22:58 Scout Tower
23:01 Guard Tower
24:07 Guard Tower
24:13 Guard Tower
24:43 Scout Tower
24:46 Scout Tower
24:47 Scout Tower
24:48 Scout Tower
24:48 Scout Tower
24:50 Scout Tower
24:51 Scout Tower
24:52 Scout Tower
24:52 Scout Tower
24:53 Scout Tower
24:54 Scout Tower
24:55 Scout Tower
24:55 Scout Tower
25:02 Guard Tower
25:16 Guard Tower
25:35 Scout Tower
25:36 Scout Tower
25:37 Scout Tower
25:38 Scout Tower
25:39 Scout Tower
25:40 Scout Tower
25:40 Scout Tower
25:42 Scout Tower
25:43 Scout Tower
25:44 Scout Tower
25:45 Scout Tower
25:45 Scout Tower
25:56 Gryphon Aviary
25:57 Gryphon Aviary
28:17 Guard Tower
28:20 Guard Tower
28:23 Scout Tower
28:23 Scout Tower
28:25 Scout Tower
28:26 Scout Tower
28:27 Scout Tower
28:28 Scout Tower
28:29 Scout Tower
28:42 Guard Tower
29:02 Scout Tower
29:03 Scout Tower
29:04 Scout Tower
29:04 Scout Tower
29:05 Scout Tower
29:06 Scout Tower
29:07 Scout Tower
29:08 Scout Tower
29:21 Guard Tower
29:35 Lumber Mill
29:52 Guard Tower
30:13 Lumber Mill
30:22 Scout Tower
30:23 Scout Tower
30:24 Scout Tower
30:25 Scout Tower
30:25 Scout Tower
30:26 Scout Tower
30:28 Scout Tower
30:29 Scout Tower
30:31 Scout Tower
30:32 Scout Tower
30:33 Scout Tower
30:34 Scout Tower
30:35 Scout Tower
30:36 Scout Tower
30:38 Scout Tower
30:39 Scout Tower
30:39 Scout Tower
31:04 Guard Tower
31:58 Workshop
» items
| Boots of Speed | 1 | |
| Scroll of Regeneration | 1 | |
| Staff of Teleportation | 2 | |
| Orb of Lightning | 2 | |
| Healing Salve | 1 | |
| Staff of Sanctuary | 2 | |
9 total
SMERBECK (
blue | 84 APM | 2725 actions | 32:16)
6 Death Knight
3 Death Coil
3 Unholy Aura
4 Pandaren Brewmaster
2 Breath of Fire
2 Drunken Haze
4 Dreadlord
2 Sleep
2 Vampiric Aura
» actions
| Assign group hotkey | 22 | |
| Basic commands | 268 | |
| Build / train | 117 | |
| Enter build submenu | 50 | |
| Enter hero's abilities submenu | 15 | |
| Give item / drop item | 9 | |
| Remove unit from queue | 1 | |
| Right click | 1095 | |
| Select / deselect | 429 | |
| Select group hotkey | 511 | |
| Use ability | 208 | |
2725 total
» units
| Acolyte | 14 | |
| Ghoul | 1 | |
| Crypt Fiend | 8 | |
| Goblin Shredder | 4 | |
| Blue Dragon | 2 | |
| Frost Wyrm | 1 | |
30 total
» upgrades
| Creature Attack | 2 | |
| Web | 1 | |
| Freezing Breath | 1 | |
| Masonry | | |
4 total
» buildings
| Graveyard | 1 | |
| Crypt | 1 | |
| Altar of Darkness | 1 | |
| Ziggurat | 55 | |
| Tomb of Relics | 2 | |
| Nerubian Tower | 2 | |
| Halls of the Dead | 3 | |
| Necropolis | 1 | |
| Black Citadel | 3 | |
| Sacrificial Pit | 1 | |
| Spirit Tower | 19 | |
| Boneyard | 4 | |
93 total
» build order
00:07 Graveyard
00:30 Crypt
00:49 Altar of Darkness
01:00 Ziggurat
01:41 Tomb of Relics
02:04 Ziggurat
02:19 Nerubian Tower
05:33 Halls of the Dead
05:34 Halls of the Dead
05:50 Necropolis
06:33 Ziggurat
06:57 Ziggurat
07:00 Ziggurat
07:00 Ziggurat
08:45 Ziggurat
08:51 Black Citadel
08:51 Black Citadel
09:02 Sacrificial Pit
11:08 Spirit Tower
11:09 Spirit Tower
11:10 Ziggurat
11:17 Boneyard
11:18 Boneyard
11:19 Boneyard
13:20 Ziggurat
23:29 Ziggurat
23:31 Ziggurat
23:32 Ziggurat
23:33 Ziggurat
23:34 Ziggurat
23:37 Tomb of Relics
23:37 Ziggurat
23:40 Ziggurat
23:41 Ziggurat
23:42 Ziggurat
23:44 Ziggurat
24:11 Ziggurat
24:12 Ziggurat
24:12 Ziggurat
25:09 Spirit Tower
25:09 Spirit Tower
25:11 Ziggurat
25:12 Ziggurat
25:13 Ziggurat
25:13 Ziggurat
25:14 Ziggurat
25:15 Ziggurat
25:16 Ziggurat
25:16 Ziggurat
25:43 Spirit Tower
25:54 Ziggurat
25:58 Ziggurat
26:09 Ziggurat
26:10 Ziggurat
26:12 Ziggurat
26:13 Ziggurat
26:15 Ziggurat
26:16 Ziggurat
26:18 Spirit Tower
26:18 Spirit Tower
26:23 Ziggurat
26:25 Boneyard
26:26 Ziggurat
26:27 Ziggurat
26:28 Ziggurat
26:28 Ziggurat
26:29 Ziggurat
26:30 Ziggurat
26:31 Ziggurat
26:56 Spirit Tower
26:57 Spirit Tower
27:01 Ziggurat
27:12 Spirit Tower
27:12 Spirit Tower
27:12 Spirit Tower
27:22 Spirit Tower
27:22 Spirit Tower
29:20 Ziggurat
29:21 Ziggurat
29:21 Ziggurat
29:22 Ziggurat
29:22 Ziggurat
29:23 Ziggurat
29:24 Ziggurat
29:24 Ziggurat
» items
| Rod of Necromancy | 5 | |
| Boots of Speed | 2 | |
| Scroll of Protection | 2 | |
| Scroll of Healing | 4 | |
| Orb of Corruption | 2 | |
| Scroll of Town Portal | 7 | |
| Staff of Teleportation | 1 | |
| Orb of Fire | 1 | |
| Potion of Mana | 3 | |
| Tiny Great Hall | 1 | |
| Potion of Healing | 4 | |
| Healing Salve | 1 | |
33 total
Chat log
(00:09 / Allies) SMERBECK: it like
(00:12 / Allies) SMERBECK: bounches of yo tongue
(00:13 / All) NUTSONYOCHIN.DE: hey one sec
(00:14 / All) NUTSONYOCHIN.DE: pizza time
(00:14 / All) NUTSONYOCHIN.DE: big pizza
(00:18 / All) norfriend: ninja turtles in this
(00:21 / All) NUTSONYOCHIN.DE: big sausage pizza meeeeow
(00:22 / All) baltazar3: WHY
(00:23 / All) norfriend: black sausage pizza
(00:25 / All) baltazar3: FO YOU BGIN A PLAY
(00:27 / All) baltazar3: ???
(00:35 / All) SMERBECK: www.blacksnake.com
(00:35 / All) norfriend: m
(00:38 / All) SMERBECK: take the free tour
(00:40 / All) norfriend: du.de
(00:40 / Allies) NUTSONYOCHIN.DE: keep pausing
(00:41 / All) SMERBECK: you'll like it
(00:41 / Allies) NUTSONYOCHIN.DE: please
(00:42 / Allies) NUTSONYOCHIN.DE: nm
(00:55 / Allies) SMERBECK: ?
(00:55 / All) norfriend: can we finish this later
(01:06 / All) SMERBECK: hey fuck you!
(01:10 / All) SMERBECK: im from america
(01:11 / All) baltazar3: th
(01:14 / Allies) norfriend: we towering this
(01:17 / All) SMERBECK: FUCK YOU
(01:18 / All) MyCreation: AMERICA #1
(01:20 / All) NUTSONYOCHIN.DE: usa all the weigh....... usa fat....
(01:23 / All) baltazar3: big boy go eat ur pizza
(01:25 / All) SMERBECK: red is a mudblood
(01:27 / All) Reign-of-undead: go eat shutty burgers
(01:28 / Allies) NUTSONYOCHIN.DE: big boy
(01:28 / Allies) norfriend: tower?
(01:30 / Allies) NUTSONYOCHIN.DE: go eat your pizza.
(01:46 / Allies) NUTSONYOCHIN.DE: yo sylink send a guy down bottom
(01:48 / Allies) NUTSONYOCHIN.DE: help jill out
(01:53 / Allies) norfriend: rugh
(02:01 / Allies) norfriend: maybe just feed him
(02:08 / All) SMERBECK: Red bsing m e
(02:10 / Allies) norfriend: ud is wood machine anywway
(02:23 / All) SMERBECK: tp
(02:24 / All) SMERBECK: milita
(02:26 / All) SMERBECK: town hall
(02:27 / All) SMERBECK: tt
(02:39 / 4) SMERBECK: fuck you
(02:41 / 4) SMERBECK: fuck you
(02:42 / 4) SMERBECK: fuck you
(02:43 / 4) SMERBECK: fuck you
(02:50 / 10) MyCreation: ????????????/
(03:08 / 4) SMERBECK: did i stutter?
(03:12 / 10) MyCreation: idk
(03:19 / 4) SMERBECK: .
(03:43 / 4) SMERBECK: nice towers
(03:47 / 10) MyCreation: ty
(04:01 / Allies) NUTSONYOCHIN.DE: poeace
(04:15 / 4) SMERBECK: eurovision
(04:18 / 4) SMERBECK: god fucking damnit
(04:20 / All) NUTSONYOCHIN.DE: my name is doug and im outta hear
(04:31 / All) MyCreation: your name isnt doug tim....
(04:39 / Allies) NUTSONYOCHIN.DE: my name aint tim either
(04:42 / Allies) NUTSONYOCHIN.DE: fuck
(04:42 / All) SMERBECK: its either the owange feed or euroviosion
(04:44 / Allies) NUTSONYOCHIN.DE: backstabber
(04:46 / Allies) norfriend: sup crhiss
(04:46 / All) SMERBECK: one or the other
(04:46 / All) NUTSONYOCHIN.DE: red backstabber
(05:04 / All) WiZ-XaV: eat your pizza and shut up
(05:08 / 4) SMERBECK: yo
(05:08 / All) NUTSONYOCHIN.DE: i couldnt
(05:10 / All) NUTSONYOCHIN.DE: he left
(05:10 / 4) SMERBECK: ownage feed
(05:13 / All) NUTSONYOCHIN.DE: you wouldnt let me pause
(05:16 / All) overmytete: tg
(05:19 / All) SMERBECK: OWNAGE FEED AND EUROVISION
(05:21 / All) NUTSONYOCHIN.DE: sambo
(05:22 / All) SMERBECK: BOTH PRETTY DEADLYU
(05:22 / All) NUTSONYOCHIN.DE: intel
(05:23 / All) norfriend: 420
(05:23 / All) SMERBECK: BE CAREFUL
(05:42 / All) NUTSONYOCHIN.DE: (tg sambo-intel classic)
(05:55 / 4) SMERBECK: nicer towers
(05:59 / 10) MyCreation: ty
(07:12 / All) norfriend: bms should be named after cloud in ff7 imo
(07:13 / All) norfriend: as a tribute
(07:19 / All) SMERBECK: NEED A GOD D*MN SHREADDER
(07:22 / All) NUTSONYOCHIN.DE: Cloud Strife
(07:22 / All) norfriend: bye
(07:23 / All) norfriend: gg
(07:25 / All) MyCreation: lmao!
(07:26 / All) SMERBECK: Gg
(07:31 / All) norfriend: didnt even fight...
(07:44 / 10) MyCreation: why did he leave
(07:57 / All) NUTSONYOCHIN.DE: hi yellow
(08:00 / All) NUTSONYOCHIN.DE: bye yellow
(08:08 / All) MyCreation: me proto me proto!
(09:04 / Allies) NUTSONYOCHIN.DE: who select my main
(09:08 / Allies) NUTSONYOCHIN.DE: who done it
(09:15 / Allies) MyCreation: me fosho
(09:37 / Allies) norfriend: anyone seen my zeppelin
(09:41 / 4) SMERBECK: yeah
(09:42 / 4) SMERBECK: it die
(09:48 / Allies) SMERBECK: it died
(09:49 / Allies) SMERBECK: to creep
(09:51 / Allies) SMERBECK: lol
(09:54 / Allies) NUTSONYOCHIN.DE: pwn3d
(09:57 / Allies) norfriend: oh what a tragedy
(10:00 / Allies) MyCreation: hacker down
(10:09 / Allies) SMERBECK: oh captain my captain
(10:20 / Allies) NUTSONYOCHIN.DE: they peepin mid and creepin mid
(10:28 / Allies) SMERBECK: those son of a bITCH
(10:28 / Allies) SMERBECK: ES
(10:34 / Allies) SMERBECK: SONS
(10:35 / Allies) SMERBECK: of a bitch
(10:37 / Allies) SMERBECK: actually
(10:47 / Allies) SMERBECK: god damn
(10:50 / Allies) SMERBECK: i hear peope downstairs
(10:54 / Allies) SMERBECK: smoking and watching its always sunny
(10:54 / Allies) SMERBECK: fuck
(11:25 / Allies) NUTSONYOCHIN.DE: tower up to keith expo
(11:28 / Allies) NUTSONYOCHIN.DE: i got mid
(11:30 / Allies) SMERBECK: yes please.
(11:31 / Allies) NUTSONYOCHIN.DE: so they cant zep drop
(11:38 / Allies) MyCreation: ok
(11:44 / Allies) NUTSONYOCHIN.DE: also clear those trees
(11:48 / Allies) NUTSONYOCHIN.DE: get to the bottom of the map
(11:51 / Allies) MyCreation: ok
(12:12 / Allies) MyCreation: so we just straight towering?
(12:16 / Allies) norfriend: why not
(12:17 / Allies) NUTSONYOCHIN.DE: yes
(12:19 / Allies) NUTSONYOCHIN.DE: welcome to euroep
(12:35 / Allies) MyCreation: who killed my tower
(12:44 / Allies) SMERBECK: call it punishment
(12:50 / Allies) NUTSONYOCHIN.DE: sylink can you tower your expo
(12:56 / Allies) norfriend: eventually
(13:27 / All) SMERBECK: i love appliances
(13:47 / Allies) norfriend: they doin gonthing or what
(13:54 / All) MyCreation: am i on time for the towering convention?
(14:11 / Allies) NUTSONYOCHIN.DE: need mega lum
(14:20 / Allies) NUTSONYOCHIN.DE: yo tower this please
(14:40 / All) SMERBECK: you fucking son of a bitch.
(14:54 / Allies) SMERBECK: mass rockstars
(15:17 / Allies) NUTSONYOCHIN.DE: more towers on bottom
(16:15 / Allies) norfriend: colonizing
(16:25 / Allies) NUTSONYOCHIN.DE: need 2 orc towers here sylink
(16:29 / Allies) NUTSONYOCHIN.DE: cant make anymore hu
(16:37 / Allies) norfriend: k
(17:00 / All) SMERBECK: how u luv dat you fat bitch
(17:33 / Allies) MyCreation: need wood
(17:34 / Allies) NUTSONYOCHIN.DE: close it up
(17:37 / Allies) NUTSONYOCHIN.DE: only want 3 openings maybe
(18:55 / Allies) SMERBECK: yo
(18:56 / Allies) SMERBECK: jill
(18:58 / Allies) SMERBECK: like 5 rows deep
(19:00 / Allies) SMERBECK: if you can
(19:20 / Allies) NUTSONYOCHIN.DE: why do we have 0 towers
(20:58 / Allies) NUTSONYOCHIN.DE: oh sweet
(21:02 / Allies) NUTSONYOCHIN.DE: was about to take their mountains
(21:04 / Allies) NUTSONYOCHIN.DE: gj sylink.....
(21:08 / Allies) norfriend: already done sorry
(21:24 / Allies) SMERBECK: bone chimes sitting here
(21:25 / Allies) MyCreation: wood
(21:26 / Allies) SMERBECK: if anyone ever wants
(21:40 / Allies) MyCreation: thanks love
(21:49 / Allies) SMERBECK: ofc
(22:24 / Allies) norfriend: pro purple
(22:53 / Allies) SMERBECK: if you wanna tp shit
(22:56 / Allies) SMERBECK: to their side
(22:57 / Allies) SMERBECK: use it
(22:59 / Allies) norfriend: lmao
(23:14 / Allies) SMERBECK: gopnna start
(23:16 / Allies) SMERBECK: ud towering
(23:17 / Allies) SMERBECK: thier shop
(23:45 / Allies) NUTSONYOCHIN.DE: lmao
(23:56 / Allies) norfriend: haha
(24:01 / All) norfriend: walk of shame
(24:22 / Allies) NUTSONYOCHIN.DE: mk
(24:23 / Allies) NUTSONYOCHIN.DE: mk
(24:30 / All) norfriend: fly ove rmy towers more please
(26:33 / Allies) SMERBECK: ima trap em
(26:34 / Allies) SMERBECK: rofl
(27:04 / Allies) SMERBECK: anyone
(27:07 / Allies) SMERBECK: wanna help my towers
(27:09 / Allies) SMERBECK: i cnat for another minute
(27:11 / Allies) norfriend: ill ge ttop
(27:46 / Allies) norfriend: taking out wyrm
(27:50 / Allies) SMERBECK: lolol
(28:18 / Allies) SMERBECK: whoops
(28:22 / Allies) SMERBECK: dont wanna make em leave
(28:39 / All) MyCreation: nice your level 7 mk showed my level 2 am
(28:42 / All) MyCreation: by dying..................
(29:37 / All) SMERBECK: hi... from?
(29:40 / All) SMERBECK: me BR
(30:03 / Allies) NUTSONYOCHIN.DE: these guys so bad
(30:23 / Allies) MyCreation: hawks
(30:24 / Allies) MyCreation: help
(30:31 / Allies) norfriend: only 2
(30:42 / Allies) MyCreation: nvm they retarded
(30:47 / Allies) SMERBECK: you
(30:48 / Allies) SMERBECK: call me in
(30:50 / Allies) SMERBECK: FOR NOTHING
(30:52 / Allies) NUTSONYOCHIN.DE: got bone chimes for blade
(32:06 / All) norfriend: no
(32:10 / All) Reign-of-undead: omg im deg
(32:14 / Allies) NUTSONYOCHIN.DE: chimes
(32:14 / All) SMERBECK: im deg!